 Dungeon Crawl Stone Soup version 0.30-a0-726-gd89dcf765f (webtiles) character file.

Game seed: 11425467770978127288

36 hikkokomori the Slasher (level 3, -11/30 HPs)
             Began as a Demigod Gladiator on Jan 30, 2023.
             Mangled by Terence
             ... wielding a +5 flail
              (15 damage)
             ... on level 2 of the Dungeon.
             The game lasted 00:01:14 (919 turns).

hikkokomori the Slasher (Demigod Gladiator)          Turns: 919, Time: 00:01:14

Health: -11/30     AC:  4    Str: 15    XL:     3   Next: 5%
Magic:  5/5        EV: 13    Int: 10    God:
Gold:   67         SH:  0    Dex: 19    Spells: 2/2 levels left

rFire   . . .      SeeInvis .    a - +0 long sword
rCold   . . .      Faith    .    (no shield)
rNeg    . . .      Spirit   .    b - +0 leather armour
rPois   .          Reflect  .    c - +0 helmet
rElec   .          Harm     .    (no cloak)
rCorr   .          Rampage  .    (no gloves)
Will    .....                    (no boots)
Stlth   +                        k - amulet of magic regeneration
HPRegen 0.25/turn                (no ring)
MPRegen 0.49/turn                (no ring)

@: no status effects
A: high MP 1, forlorn, divine attributes
a: no special abilities


You were on level 2 of the Dungeon.
You visited 1 branch of the dungeon, and saw 2 of its levels.

You collected 67 gold pieces.

Inventory:

Hand Weapons
 a - a +0 long sword (weapon)
Missiles
 d - 3 throwing nets (quivered)
 e - a javelin
Armour
 b - a +0 leather armour (worn)
 c - a +0 helmet (worn)
 q - a +0 buckler
Jewellery
 k - an amulet of magic regeneration (around neck)
 l - an amulet of the acrobat
 p - a ring of protection from fire
Scrolls
 h - a scroll of identify
 m - a scroll of brand weapon {unknown}
 o - a scroll of summoning {unknown}
Potions
 f - a potion of attraction {unknown}
 g - a potion of berserk rage
 i - a potion of might {unknown}
 j - 2 potions of curing {unknown}
 n - a potion of magic {unknown}


   Skills:
 + Level 2.3 Fighting
 + Level 3.2 Long Blades
 - Level 1.7 Throwing
 - Level 3.0 Dodging
 + Level 0.4 Shields


You had 2 spell levels left.
You didn't know any spells.
Your spell library was empty.

Dungeon Overview and Level Annotations

Branches:
Dungeon (2/15)

Annotations:
D:2 Terence


Innate Abilities, Weirdness & Mutations

You have an increased reservoir of magic. (+10% MP)
You shall have no god before yourself.
Your divine heritage dramatically boosts your attributes as you level up.


Message History

The rat completely misses you.
You slash the rat!
You kill the rat!
No target in view!
No target in view!
No target in view!
No target in view!
No target in view!
No target in view!
No target in view!
No target in view!
No target in view!
No target in view!
No target in view!
No target in view!
No target in view!
No target in view!
No target in view!
Terence the Incautious comes into view.
He is wielding a +5 flail.
Terence is nearby!
Terence is nearby!
Terence is nearby!
Terence shouts!
Terence barely misses you.
You barely miss Terence. Terence completely misses you.
You hit Terence but do no damage. Terence closely misses you.
You closely miss Terence. Terence barely misses you.
You hit Terence but do no damage. Terence closely misses you.
Terence hits you with a +5 flail!
You hit Terence but do no damage. Terence hits you with a +5 flail!
Ouch! That really hurt!
* * * LOW HITPOINT WARNING * * *
You are too injured to fight recklessly!
Okay, then.
As you read the scroll labelled FAM SOECORAMA, it crumbles to dust.
It is a scroll of identify.
g - a potion of berserk rage Terence hits you with a +5 flail!
Ouch! That really hurt!
You die...

####### #.....##
.....# #@..# #@.##
#...#
#.#.##############
#......†..........
#...!.!############
#+#.##... ##.###..#
. #... ##.#


You could see Terence.

Vanquished Creatures
  An adder (D:2)
  A worm (D:2)
  A dart slug (D:1)
  A ball python (D:2)
  An endoplasm (D:2)
  2 giant cockroaches (D:1)
  2 goblins (D:1)
  4 hobgoblins
  2 kobolds (D:1)
  A bat (D:1)
  3 frilled lizards
  2 rats
21 creatures vanquished.

Notes
Turn   | Place    | Note
-------+----------+-------------------------------------------
     0 | D:1      | hikkokomori the Demigod Gladiator began the quest for the
                  | Orb.
     0 | D:1      | Reached XP level 1. HP: 17/17 MP: 3/3
   309 | D:1      | Reached XP level 2. HP: 24/24 MP: 4/4
   862 | D:2      | Reached XP level 3. HP: 21/30 MP: 5/5
   909 | D:2      | Noticed Terence
   919 | D:2      | Mangled by Terence

Illustrated notes

Levels and vault maps discovered:
D:1:      minmay_arrival_jagged, layout_loops_ring
D:2:      layout_rooms, corexii_leaking_fountain, minmay_joined_circles,
          uniq_robin, uniq_terence

Skill      XL: |  1  2 |
---------------+-------+-----
Fighting       | 2 |  2.3
Long Blades    | 3 |  3.2
Dodging        | 3 |  3.0
Throwing       | |  1.7
Shields        | |  0.4

Action                     || total
---------------------------++-------
  Melee: Long sword        ||    66
         Punch             ||     1
    Use: Scroll            ||     1
   Stab: Sleeping          ||     2
 Armour: Leather armour    ||    14
  Dodge: Dodged            ||    44

Table legend: (Time is in decaauts)
 A = Elapsed time spent in this place.
 B = Non-inter-level travel time spent in this place.
 C = Inter-level travel time spent in this place.
 D = Time resting spent in this place.
 E = Time spent auto-exploring this place.
 F = Levels seen in this place.
 G = Mean time per level.
                   A        B        C        D        E       F      G
               +--------+--------+--------+--------+--------+-----+--------+
         Total |    935 |    912 |     23 |      0 |    731 |   2 |  467.5 |
       Dungeon |    935 |    912 |     23 |      0 |    731 |   2 |  467.5 |
               +--------+--------+--------+--------+--------+-----+--------+

Top non-repeatable levels by time:
     D:1: 700 daAuts
     D:2: 235 daAuts
